 Dungeon Sprint DCSS version 0.16-a0-3803-gd4b2de5 (console) character file.

53420 Monkaria the Spry (level 14, -1/143 HPs)
             Began as a Hill Orc Fighter on Jan 26, 2015.
             Was the Champion of Makhleb.
             Slain by Mennas
             ... wielding a +5 eudemon blade of holy wrath
              (7 damage)
             ... in the Dungeon (Sprint IX: "|||||||||||||||||||||||||||||").
             The game lasted 00:34:45 (4152 turns).

Monkaria the Spry (Hill Orc Fighter)                Turns: 4152, Time: 00:34:45

Health: -1/143     AC: 26    Str: 32    XL:     14   Next: 68%
Magic:  29/29      EV: 14    Int:  8    God:    Makhleb [******]
Gold:   886        SH: 23    Dex: 10    Spells: 0 memorised, 13 levels left

rFire  . . .     SeeInvis .     q - +6 scimitar (flame)
rCold  + . .     Clarity  +     D - +0 plate armour
rNeg   . . .     SustAb   .     N - +1 large shield
rPois  .         Gourm    .     F - +0 helmet (curse)
rElec  .         Spirit   .     E - +1 cloak
rCorr  .         Warding  .     A - +0 pair of gloves
rMut   .         NoTele   +     O - +1 pair of boots
MR     +....                    (no amulet)
Stlth  ..........               H - ring of protection from cold
                                t - +3 ring of strength

@: mighty, exhausted, slowed, glowing, silenced, very slow, somewhat resistant
to hostile enchantments, extremely unstealthy
A: clarity, mutation resistance 1, MP-powered wands 1
a: Renounce Religion


You were in the Dungeon.
You worshipped Makhleb.
Makhleb was exalted by your worship.
You were hungry.

You visited 1 branch You collected 1830 gold pieces.
You spent 944 gold pieces at shops.

Inventory:

Hand weapons
 l - a +0 blowgun
 q - a +6 scimitar of flaming (weapon)
 J - a +0 triple crossbow
 K - a +1 scimitar of holy wrath
Missiles
 k - 5 bolts
 r - 5 curare-tipped needles
 C - 6 tomahawks (quivered)
Armour
 h - an ice dragon hide
 A - a +0 pair of gloves (worn)
 D - a +0 plate armour (worn)
 E - a +1 cloak (worn)
 F - a cursed +0 helmet (worn)
 N - a +1 large shield (worn)
 O - a +1 pair of boots (worn)
 P - a +1 fire dragon armour
Jewellery
 t - a +3 ring of strength (left hand)
 u - a +3 ring of intelligence
 B - an uncursed ring of ice
 G - an uncursed ring of protection from fire
 H - a ring of protection from cold (right hand)
 I - an uncursed ring of ice
Magical devices
 p - a wand of draining (8)
Scrolls
 a - 2 scrolls of fog
 n - 4 scrolls of remove curse
 o - 2 scrolls of amnesia
 w - 5 scrolls of fear
Potions
 b - a potion of flight
 e - a potion of might
 f - 2 potions of cure mutation
 i - 4 potions of magic
 s - a potion of restore abilities
 Q - a potion of resistance
Miscellaneous
 v - a stone of tremors (inert)
Comestibles
 d - 13 meat rations
 x - 40 fruits
 z - 11 bread rations


   Skills:
 - Level 18.2 Fighting
 - Level 18.0 Long Blades
 - Level 17.1 Armour
 - Level 18.2 Dodging
 - Level 15.4 Shields
 + Level 12.5 Invocations
 + Level 10.0 Evocations


You had 13 spell levels left.
You didn't know any spells.

Dungeon Overview and Level Annotations

Branches:
Dungeon (1/1)

Altars:
Cheibriados
Dithmenos
Elyvilon
Fedhas
Gozag
Kikubaaqudgha
Makhleb
Nemelex Xobeh
Okawaru
Qazlal
Ru
Sif Muna
Trog
Vehumet
Xom
Yredelemnul
Zin
The Shining One
Beogh
Jiyva
Lugonu

Shops:
D [(!%

Annotations:
D Mennas


Innate Abilities, Weirdness & Mutations

You possess an exceptional clarity of mind.
You are somewhat resistant to further mutation.
You expend magic power (3 MP) to slightly strengthen your wands.


Message History

You hit Mennas but do no damage.
Mennas is moderately wounded.
Mennas misses you. Mennas hits you but does no damage.
Mennas hits you with an eudemon blade of holy wrath.
* * * LOW HITPOINT WARNING * * *
You block Mennas' attack.
You slash Mennas! You burn Mennas.
Mennas is heavily wounded.
You block Mennas' attack. x2
Your shield and plate armour prevent you from hitting Mennas.
Mennas is heavily wounded.
You block Mennas' attack. Mennas hits you but does no damage.
Mennas hits you but does no damage.
Mennas hits you with an eudemon blade of holy wrath.
* * * LOW HITPOINT WARNING * * *
You miss Mennas.
Mennas is heavily wounded.
Mennas barely misses you. You block Mennas' attack.
Mennas hits you with an eudemon blade of holy wrath!
You die...

▓.▓.▓.▓.▓.▓.▓∩▓.▓)
▓.▓.▓.▓.▓.▓.▓)▓.▓.
▓.▓.▓.▓.▓.▓.▓∩▓.▓.
▓.▓.▓.▓.▓.▓.▓.▓.▓(
▓.▓.▓.▓.▓.▓.▓.▓)▓'
▓.▓.▓'▓.▓.▓.▓.▓.▓.
▓.▓.▓.▓.▓.▓.▓.▓.▓.
▓.▓.▓.▓.▓.▓)▓.▓.▓.
▓@▓.▓.▓.▓'▓.▓'▓.▓.
▓A▓.▓.▓.▓.▓.▓.▓.▓[
▓.▓.▓.▓.▓.▓.▓.▓.▓.
▓.▓.▓.▓.▓.▓.▓.▓.▓.
▓.▓.▓.▓.▓.▓.▓.▓.▓.
▓.▓.▓.▓.▓.▓.▓.▓.▓'
▓.▓.▓.▓.▓.▓.▓.▓.▓.
▓.▓.▓.▓.▓.▓.▓.▓.▓.
▓.▓.▓.▓.▓.▓.▓.▓.▓.


You could see Mennas.

Vanquished Creatures
  A sphinx (D)
  3 emperor scorpions (D)
  2 vault wardens (D)
  An ironheart preserver (D)
  3 stone giants (D)
  A dire elephant (D)
  An ettin (D)
  2 ice dragons (D)
  4 yaktaur captains (D)
  A naga warrior (D)
  A merfolk aquamancer (D)
  Erica (D)
  3 centaur warriors (D)
  A deep troll earth mage (D)
  An orc high priest (D)
  2 ogre magi (D)
  A vampire mage (D)
  An alligator (D)
  2 naga sharpshooters (D)
  A tengu warrior (D)
  An unseen horror (shapeshifter) (D)
  A fire crab (D)
  2 unseen horrors (D)
  A sea snake (D)
  A skeletal warrior (D)
  A griffon (D)
  An ugly thing (D)
  An ironbrand convoker (D)
  7 orc knights (D)
  4 wolf spiders (D)
  A faun (D)
  A manticore (D)
  A vault sentinel (D)
  5 black mambas (D)
  An elephant (D)
  Joseph (D)
  A guardian serpent (D)
  A torpor snail (D)
  A naga mage (D)
  A gargoyle (D)
  Psyche (D)
  A spiny frog (D)
  3 yaktaurs (D)
  A fire drake (D)
  A hellwing (D)
  A troll (D)
  Sonja (D)
  2 bog bodies (D)
  4 two-headed ogres (D)
  A jumping spider (D)
  An ice dragon zombie (D)
  3 snapping turtles (D)
  2 blink frogs (D)
  2 deep elf magi (D)
  A boulder beetle (D)
  A slime creature (D)
  An ettin zombie (D)
  A shadow (D)
  A yak (shapeshifter) (D)
  A water elemental (D)
  A redback (D)
  4 yaks (D)
  Eustachio (D)
  A hungry ghost (D)
  A deep elf fighter (D)
  A wolf (D)
  3 water moccasins (D)
  A soldier ant (D)
  A mottled dragon (D)
  A centaur (D)
  8 ogres (D)
  A phantom (D)
  A spider (D)
  8 orc warriors (D)
  A wasp (D)
  A boring beetle (D)
  A giant frog (D)
  2 crocodiles (D)
  A killer bee (D)
  4 orc priests (D)
  3 orc wizards (D)
  A quasit (D)
  A hound (D)
  2 worker ants (D)
  2 adders (D)
  A shadow imp (D)
  4 orcs (D)
  A bat zombie (D)
  A goblin (D)
  2 hobgoblins (D)
  A jackal (D)
  3 bats (D)
  A giant cockroach zombie (D)
  A giant spore (D)
  A goblin zombie (D)
  A hobgoblin zombie (D)
  A jackal skeleton (D)
  A kobold (D)
  A ballistomycete (D)
169 creatures vanquished.

Vanquished Creatures (collateral kills)
  A cacodemon (D)
  2 dire elephants (D)
  A green death (D)
  An ettin (D)
  A blizzard demon (D)
  A hydra (D)
  A deep troll earth mage (D)
  A spriggan air mage (D)
  An ogre mage (D)
  A deep elf knight (D)
  5 elephants (D)
  A yaktaur (D)
  A giant leech (D)
  A swamp drake (D)
19 creatures vanquished.

Vanquished Creatures (others)
  An Executioner (D)
  A thorn hunter (D)
  2 balrugs (D)
  An ironheart preserver (D)
  2 green deaths (D)
  A vampire mosquito (D)
  A crimson imp (D)
  A briar patch (D)
  A plant (D)
11 creatures vanquished.

Grand Total: 199 creatures vanquished

Notes
Turn   | Place    | Note
--------------------------------------------------------------
     0 | D        | Monkaria, the Hill Orc Fighter, began the quest for the Orb.
     0 | D        | Reached XP level 1. HP: 19/19 MP: 1/1
     7 | D        | Reached skill level 4 in Fighting
    26 | D        | Noticed a worker ant
    29 | D        | Reached XP level 2. HP: 17/28 MP: 2/2
    49 | D        | Killed a worker ant
    49 | D        | Reached skill level 5 in Fighting
    49 | D        | Reached skill level 5 in Long Blades
    49 | D        | Reached XP level 3. HP: 23/37 MP: 3/3
    57 | D        | Reached skill level 6 in Fighting
   164 | D        | Found a glowing silver altar of Zin.
   164 | D        | Found a glowing golden altar of the Shining One.
   164 | D        | Found an ancient bone altar of Kikubaaqudgha.
   164 | D        | Found a basalt altar of Yredelemnul.
   164 | D        | Found a shimmering altar of Xom.
   164 | D        | Found a radiant altar of Vehumet.
   164 | D        | Found an iron altar of Okawaru.
   165 | D        | Found a burning altar of Makhleb.
   166 | D        | Found a deep blue altar of Sif Muna.
   167 | D        | Found a bloodstained altar of Trog.
   168 | D        | Found a sparkling altar of Nemelex Xobeh.
   169 | D        | Found a white marble altar of Elyvilon.
   170 | D        | Found a roughly hewn altar of Beogh.
   171 | D        | Found a viscous altar of Jiyva.
   172 | D        | Found a corrupted altar of Lugonu.
   173 | D        | Found a blossoming altar of Fedhas.
   174 | D        | Became a worshipper of Makhleb the Destroyer
   175 | D        | Found a snail-covered altar of Cheibriados.
   176 | D        | Found a shadowy altar of Dithmenos.
   177 | D        | Found a stormy altar of Qazlal.
   178 | D        | Found an opulent altar of Gozag.
   179 | D        | Found a sacrificial altar of Ru.
   226 | D        | Noticed a centaur
   226 | D        | Noticed a wasp
   226 | D        | Noticed a crimson imp
   226 | D        | Noticed a killer bee
   226 | D        | Noticed a two-headed ogre
   230 | D        | Killed a centaur
   230 | D        | Reached skill level 7 in Fighting
   230 | D        | Reached skill level 9 in Long Blades
   230 | D        | Reached XP level 4. HP: 44/48 MP: 4/4
   230 | D        | Reached XP level 5. HP: 48/53 MP: 5/5
   240 | D        | Killed a two-headed ogre
   240 | D        | Acquired Makhleb's first power
   240 | D        | Reached skill level 10 in Fighting
   240 | D        | Reached skill level 11 in Long Blades
   240 | D        | Reached XP level 6. HP: 25/66 MP: 6/6
   241 | D        | Killed a killer bee
   241 | D        | Reached skill level 12 in Long Blades
   245 | D        | Paralysed by a wasp for 3 turns
   253 | D        | Killed a wasp
   253 | D        | Reached XP level 7. HP: 43/73 MP: 7/7
   254 | D        | Killed a crimson imp
   450 | D        | Noticed a skeletal warrior
   450 | D        | Noticed a centaur warrior
   450 | D        | Noticed a worker ant
   450 | D        | Noticed a phantom
   450 | D        | Noticed a slime creature
   460 | D        | Killed a skeletal warrior
   460 | D        | Acquired Makhleb's second power
   460 | D        | Reached skill level 14 in Long Blades
   460 | D        | Reached XP level 8. HP: 43/83 MP: 8/8
   469 | D        | Killed a centaur warrior
   471 | D        | Killed a worker ant
   471 | D        | Reached XP level 9. HP: 64/94 MP: 9/9
   477 | D        | Killed a slime creature
   477 | D        | Acquired Makhleb's third power
   477 | D        | Reached skill level 10 in Armour
   488 | D        | Killed an unseen horror
   498 | D        | Killed a phantom
   686 | D        | Noticed a hound
   686 | D        | Noticed a yak
   686 | D        | Noticed a crocodile
   686 | D        | Noticed a water moccasin
   686 | D        | Noticed a blink frog
   686 | D        | Noticed a yak
   686 | D        | Noticed a crocodile
   687 | D        | Killed a hound
   687 | D        | Acquired Makhleb's fourth power
   692 | D        | Killed a yak
   695 | D        | Noticed a yak
   695 | D        | Killed a crocodile
   695 | D        | Reached skill level 15 in Fighting
   702 | D        | Killed a water moccasin
   712 | D        | Killed a yak
   712 | D        | Acquired Makhleb's fifth power
   716 | D        | Killed a crocodile
   720 | D        | Killed a yak
   720 | D        | Reached skill level 5 in Shields
   728 | D        | Killed a blink frog
   728 | D        | Reached XP level 10. HP: 95/105 MP: 10/10
   765 | D        | Noticed a boring beetle
   765 | D        | Noticed a wolf
   765 | D        | Noticed a fire drake
   765 | D        | Noticed a spiny frog
   765 | D        | Noticed a water moccasin
   765 | D        | Noticed a black mamba
   768 | D        | Noticed a water moccasin
   781 | D        | Killed a boring beetle
   782 | D        | Killed a wolf
   785 | D        | Noticed a yak
   789 | D        | Killed a fire drake
   790 | D        | Killed a spiny frog
   791 | D        | Killed a black mamba
   791 | D        | Reached skill level 10 in Invocations
   795 | D        | Killed a water moccasin
   800 | D        | Killed a water moccasin
   805 | D        | Killed a yak
   948 | D        | Noticed an elephant
   948 | D        | Noticed a dire elephant
   948 | D        | Noticed an elephant
   948 | D        | Noticed a dire elephant
   948 | D        | Noticed an elephant
   948 | D        | Noticed an elephant
   948 | D        | Noticed an elephant
   958 | D        | Killed an elephant
   966 | D        | Killed a dire elephant
   966 | D        | Reached skill level 15 in Long Blades
   971 | D        | Killed a dire elephant
   971 | D        | Killed an elephant
   973 | D        | Killed an elephant
   973 | D        | Reached skill level 16 in Long Blades
   977 | D        | Killed an elephant
   977 | D        | Reached XP level 11. HP: 43/112 MP: 27/27
   987 | D        | Killed an elephant
  1033 | D        | Noticed an elephant
  1040 | D        | Killed an elephant
  1262 | D        | Noticed Psyche
  1270 | D        | Killed Psyche
  1270 | D        | Reached skill level 17 in Long Blades
  1341 | D        | Noticed an orc wizard
  1341 | D        | Noticed an orc priest
  1341 | D        | Noticed an orc wizard
  1342 | D        | Noticed an orc priest
  1348 | D        | Killed an orc wizard
  1351 | D        | Noticed an orc priest
  1352 | D        | Killed an orc priest
  1352 | D        | Reached skill level 1 in Evocations
  1354 | D        | Killed an orc wizard
  1356 | D        | Noticed an orc warrior
  1362 | D        | Noticed an orc priest
  1363 | D        | Noticed an orc knight
  1363 | D        | Killed an orc priest
  1365 | D        | Killed an orc priest
  1366 | D        | Noticed an orc wizard
  1368 | D        | Killed an orc warrior
  1380 | D        | Killed an orc knight
  1380 | D        | Reached skill level 5 in Evocations
  1383 | D        | Killed an orc priest
  1387 | D        | Killed an orc wizard
  1446 | D        | Noticed an orc warrior
  1446 | D        | Noticed an orc warrior
  1446 | D        | Noticed an orc warrior
  1446 | D        | Noticed an orc knight
  1446 | D        | Noticed an orc knight
  1446 | D        | Noticed an orc knight
  1446 | D        | Noticed an orc warrior
  1450 | D        | Killed an orc warrior
  1451 | D        | Noticed an orc warrior
  1453 | D        | Killed an orc warrior
  1457 | D        | Killed an orc knight
  1458 | D        | Noticed an orc high priest
  1472 | D        | Killed an orc knight
  1482 | D        | Killed an orc knight
  1487 | D        | Noticed an orc warrior
  1488 | D        | Killed an orc warrior
  1492 | D        | Killed an orc warrior
  1492 | D        | Reached skill level 10 in Evocations
  1495 | D        | Killed an orc warrior
  1497 | D        | Noticed an orc knight
  1506 | D        | Noticed an orc warrior
  1514 | D        | Killed an orc high priest
  1523 | D        | Killed an orc knight
  1528 | D        | Killed an orc warrior
  1530 | D        | Killed an orc warrior
  1614 | D        | Found Klatucku's Antique Armour Emporium.
  1614 | D        | Noticed an ogre
  1614 | D        | Noticed an ogre
  1614 | D        | Noticed an ogre
  1614 | D        | Noticed an ogre mage
  1614 | D        | Noticed a two-headed ogre
  1614 | D        | Noticed an ogre
  1616 | D        | Noticed a two-headed ogre
  1618 | D        | Noticed a two-headed ogre
  1618 | D        | Killed an ogre
  1621 | D        | Killed an ogre
  1622 | D        | Found Klaunlid's Weapon Shoppe.
  1626 | D        | Noticed an ogre mage
  1628 | D        | Killed an ogre mage
  1628 | D        | Reached skill level 15 in Armour
  1630 | D        | Killed a two-headed ogre
  1635 | D        | Killed an ogre
  1637 | D        | Killed a two-headed ogre
  1640 | D        | Noticed an ogre
  1642 | D        | Killed an ogre mage
  1644 | D        | Killed a two-headed ogre
  1645 | D        | Found Faonin's Distillery.
  1648 | D        | Killed an ogre
  1650 | D        | Killed an ogre
  1650 | D        | Reached XP level 12. HP: 95/119 MP: 28/28
  1660 | D        | Found Ofucau's Food Shoppe.
  1665 | D        | Noticed an ogre
  1666 | D        | Noticed an ogre
  1667 | D        | Noticed an ogre
  1671 | D        | Killed an ogre
  1672 | D        | Killed an ogre
  1675 | D        | Killed an ogre
  1693 | D        | Bought a potion of heal wounds for 60 gold pieces
  1693 | D        | Bought a potion of restore abilities for 60 gold pieces
  1693 | D        | Bought a potion of might for 48 gold pieces
  1693 | D        | Bought 2 potions of curing for 72 gold pieces
  1693 | D        | Bought a potion of heal wounds for 60 gold pieces
  1693 | D        | Bought 2 potions of heal wounds for 120 gold pieces
  1693 | D        | Bought 2 potions of might for 96 gold pieces
  1693 | D        | Bought a potion of might for 48 gold pieces
  1693 | D        | Bought a potion of haste for 120 gold pieces
  1698 | D        | Bought an embroidered cloak for 130 gold pieces
  1698 | D        | Bought a shiny helmet for 130 gold pieces
  1755 | D        | Noticed Sonja
  1763 | D        | Killed Sonja
  1868 | D        | Noticed Erica
  1883 | D        | Noticed Eustachio
  1902 | D        | Killed Eustachio
  1959 | D        | Killed Erica
  1989 | D        | Noticed Joseph
  1996 | D        | Killed Joseph
  2175 | D        | Noticed a hungry ghost
  2175 | D        | Noticed a giant frog
  2175 | D        | Noticed a gargoyle
  2175 | D        | Noticed a soldier ant
  2175 | D        | Noticed a troll
  2183 | D        | Noticed a yak
  2186 | D        | Killed a hungry ghost
  2189 | D        | Killed a giant frog
  2192 | D        | Noticed a deep elf mage
  2194 | D        | Noticed a dire elephant
  2194 | D        | Killed a gargoyle
  2198 | D        | Killed a soldier ant
  2201 | D        | Killed a troll
  2201 | D        | Reached skill level 10 in Shields
  2205 | D        | Killed an unseen horror
  2211 | D        | Killed a yak
  2214 | D        | Killed a deep elf mage
  2230 | D        | Killed a dire elephant
  2242 | D        | Noticed an ettin
  2243 | D        | Noticed an ice dragon
  2249 | D        | Noticed a sphinx
  2252 | D        | Noticed a vampire mage
  2255 | D        | Noticed a green death
  2262 | D        | Noticed a blizzard demon
  2262 | D        | HP: 4/119 [green death/bolt of poison[the player character] (25)]
  2270 | D        | Killed a blizzard demon
  2272 | D        | Killed a green death
  2274 | D        | Killed an ettin
  2278 | D        | Gained mutation: You possess an exceptional clarity of mind. [mutagenic meat]
  2291 | D        | Killed an ice dragon
  2300 | D        | Killed a sphinx
  2355 | D        | Killed a vampire mage
  2355 | D        | Reached skill level 15 in Shields
  2383 | D        | Gained mutation: You are somewhat resistant to further mutation. [mutagenic meat]
  2711 | D        | Noticed a swamp drake
  2711 | D        | Noticed a five-headed hydra
  2711 | D        | Noticed a giant leech
  2711 | D        | Noticed a thorn hunter
  2711 | D        | Noticed a blink frog
  2711 | D        | Noticed a bog body
  2712 | D        | Noticed a cacodemon
  2713 | D        | Noticed an alligator
  2717 | D        | Noticed a bog body
  2717 | D        | Killed a cacodemon
  2718 | D        | Killed a swamp drake
  2720 | D        | Killed a five-headed hydra
  2722 | D        | Killed a giant leech
  2729 | D        | Killed a thorn hunter
  2729 | D        | Reached skill level 5 in Dodging
  2735 | D        | Killed a bog body
  2754 | D        | Killed a blink frog
  2776 | D        | Killed an alligator
  2779 | D        | Killed a bog body
  2779 | D        | Reached XP level 13. HP: 95/126 MP: 29/29
  2897 | D        | Noticed a naga mage
  2897 | D        | Noticed a guardian serpent
  2897 | D        | Noticed a black mamba
  2897 | D        | Noticed a black mamba
  2897 | D        | Noticed a black mamba
  2897 | D        | Noticed a naga sharpshooter
  2897 | D        | Noticed a naga sharpshooter
  2904 | D        | Noticed a black mamba
  2906 | D        | Noticed a naga warrior
  2908 | D        | Killed a naga mage
  2910 | D        | Killed a black mamba
  2911 | D        | Killed a guardian serpent
  2921 | D        | Killed a black mamba
  2923 | D        | Killed a black mamba
  2924 | D        | Killed a black mamba
  2929 | D        | Killed a naga sharpshooter
  2937 | D        | Killed a naga warrior
  2944 | D        | Killed a naga sharpshooter
  2944 | D        | Reached skill level 10 in Dodging
  2969 | D        | Gained mutation: You expend magic power (3 MP) to slightly strengthen your wands. [mutagenic meat]
  2971 | D        | Noticed a faun
  2971 | D        | Noticed a griffon
  2971 | D        | Noticed a sea snake
  2971 | D        | Noticed a snapping turtle
  2971 | D        | Noticed a snapping turtle
  2971 | D        | Noticed a manticore
  2971 | D        | Noticed a merfolk aquamancer
  2979 | D        | Noticed a snapping turtle
  2979 | D        | Killed a faun
  2983 | D        | Killed a griffon
  2986 | D        | Noticed a water elemental
  2995 | D        | Killed a sea snake
  3006 | D        | Killed a snapping turtle
  3011 | D        | Killed a snapping turtle
  3017 | D        | Killed a manticore
  3033 | D        | Killed a snapping turtle
  3042 | D        | Killed a water elemental
  3050 | D        | Killed a merfolk aquamancer
  3147 | D        | Noticed a redback
  3147 | D        | Noticed an emperor scorpion
  3147 | D        | Noticed a wolf spider
  3147 | D        | Noticed a torpor snail
  3147 | D        | Noticed a spider
  3147 | D        | Noticed a wolf spider
  3147 | D        | Noticed a jumping spider
  3155 | D        | Noticed a wolf spider
  3156 | D        | Killed a redback
  3157 | D        | Noticed a wolf spider
  3178 | D        | Killed an emperor scorpion
  3184 | D        | Killed a wolf spider
  3191 | D        | Killed a torpor snail
  3192 | D        | Killed a spider
  3203 | D        | Killed a wolf spider
  3212 | D        | Killed a wolf spider
  3218 | D        | Killed a wolf spider
  3223 | D        | Killed a jumping spider
  3385 | D        | Noticed a yaktaur captain
  3386 | D        | Noticed a yaktaur
  3387 | D        | Noticed an emperor scorpion
  3387 | D        | Noticed an emperor scorpion
  3389 | D        | Noticed a tengu warrior
  3390 | D        | Noticed a human
  3390 | D        | Noticed a deep troll earth mage
  3391 | D        | Noticed a yaktaur
  3396 | D        | Killed a yaktaur captain
  3400 | D        | a human changed into a hog
  3401 | D        | Killed a yaktaur
  3403 | D        | Noticed a deep elf mage
  3408 | D        | Noticed a stone giant
  3414 | D        | Noticed a stone giant
  3428 | D        | Killed an emperor scorpion
  3450 | D        | Killed an emperor scorpion
  3450 | D        | Reached skill level 15 in Dodging
  3453 | D        | Killed a tengu warrior
  3477 | D        | Killed a deep troll earth mage
  3480 | D        | Killed a yaktaur
  3490 | D        | Killed a stone giant
  3490 | D        | Reached XP level 14. HP: 75/135 MP: 29/29
  3491 | D        | Noticed an ice dragon
  3499 | D        | Killed a stone giant
  3500 | D        | Noticed a deep troll earth mage
  3502 | D        | Noticed a deep elf knight
  3505 | D        | Noticed a yaktaur
  3509 | D        | Noticed a spriggan air mage
  3513 | D        | Killed an ice dragon
  3520 | D        | Noticed a yaktaur captain
  3523 | D        | Killed a deep troll earth mage
  3527 | D        | Killed a deep elf knight
  3527 | D        | Killed a yaktaur
  3529 | D        | Killed a deep elf mage
  3531 | D        | Killed a spriggan air mage
  3542 | D        | Killed a yaktaur captain
  3542 | D        | Reached skill level 18 in Long Blades
  3563 | D        | Noticed a stone giant
  3577 | D        | Killed a stone giant
  3784 | D        | Noticed a centaur warrior
  3784 | D        | Noticed a white ugly thing
  3784 | D        | Noticed a vault sentinel
  3784 | D        | Noticed a mottled dragon
  3784 | D        | Noticed a yaktaur captain
  3784 | D        | Noticed a centaur warrior
  3784 | D        | Noticed an ironheart preserver
  3785 | D        | Noticed a vampire mosquito
  3794 | D        | Killed a centaur warrior
  3795 | D        | Noticed an ironheart preserver
  3811 | D        | Killed a white ugly thing
  3812 | D        | Noticed a boulder beetle
  3829 | D        | Killed a vault sentinel
  3830 | D        | Noticed an ironbrand convoker
  3834 | D        | Killed a mottled dragon
  3835 | D        | Noticed an ettin
  3842 | D        | Killed an ironheart preserver
  3844 | D        | Killed a yaktaur captain
  3845 | D        | Noticed a vault warden
  3845 | D        | Killed a vampire mosquito
  3846 | D        | Noticed an orc knight
  3849 | D        | Killed a centaur warrior
  3850 | D        | Noticed a fire crab
  3850 | D        | Noticed an ogre mage
  3851 | D        | Killed an ironheart preserver
  3859 | D        | Noticed a vault warden
  3868 | D        | Killed a boulder beetle
  3873 | D        | Killed an ironbrand convoker
  3876 | D        | Noticed a deep elf fighter
  3876 | D        | Killed an ettin
  3880 | D        | Noticed a yaktaur captain
  3882 | D        | Noticed an orc knight
  3892 | D        | Killed a vault warden
  3893 | D        | Noticed a yaktaur
  3905 | D        | Killed an orc knight
  3912 | D        | Killed a fire crab
  3923 | D        | Killed an ogre mage
  3932 | D        | Killed a vault warden
  3935 | D        | Killed a deep elf fighter
  3942 | D        | Killed a yaktaur captain
  3952 | D        | Killed an orc knight
  3957 | D        | Killed a yaktaur
  4062 | D        | Noticed Mennas
  4135 | D        | HP: 4/143 [Mennas/eudemon blade of holy wrath (7)]
  4151 | D        | HP: 6/143 [Mennas/eudemon blade of holy wrath (4)]
  4152 | D        | Slain by Mennas

Action                   |  1- 3 |  4- 6 |  7- 9 | 10-12 | 13-15 || total
-------------------------+-------+-------+-------+-------+-------++-------
Melee: Long sword        |    44 |       |       |       |       ||    44
       Scimitar          |     2 |    12 |    78 |   387 |   550 ||  1029
Throw: Tomahawk          |       |       |       |     3 |       ||     3
Invok: Greater Servant o |       |       |       |     8 |     2 ||    10
Evoke: Wand              |       |     6 |       |     1 |       ||     7
       Stone of tremors  |       |       |       |     1 |     3 ||     4
  Use: Potion            |     1 |     3 |       |    12 |    17 ||    33
       Scroll            |       |       |       |     5 |     3 ||     8
 Stab: Invisible         |       |       |       |     1 |       ||     1
       Distracted        |       |       |       |       |     1 ||     1
  Eat: Chunk             |       |       |       |    10 |     9 ||    19
       Bread ration      |       |       |       |       |     1 ||     1
